Map: Backwater LE

Players

Neeb - Winner!

  • Race: Protoss Protoss
  • Spawn Location: 5:00

Kas

  • Race: Terran Terran
  • Spawn Location: 11:00

Event: IEM Season 12 - Katowice

VOD

Have the link to the VOD?

Description

Time

  • Played on: Feb. 27, 2018, 9:13 a.m.
  • Length: 12:19

All games in this series

Show
View Real Time Build Order
Export as new Build Order

Neeb Protoss - Winner!

Build Orders: 1 Gate Expand, Oracle Opening 

Get SALT Encoding   

  12  0:00  Probe  
  13  0:12  Probe  
  14  0:17  Pylon  
  14  0:24  Probe (Chrono Boost)  
  15  0:37  Probe (Chrono Boost)  
  15  0:39  Gateway  
  16  0:44  Probe (Chrono Boost)  
  16  0:48  Assimilator  
  17  0:51  Probe  
  18  1:03  Probe  
  19  1:15  Probe  
  20  1:26  Nexus  
  20  1:36  Cybernetics Core  
  20  1:39  Probe  
  21  1:46  Assimilator  
  21  1:51  Probe  
  21  1:53  Pylon  
  22  2:03  Probe  
  23  2:10  Adept (Chrono Boost)  
  23  2:15  Probe  
  26  2:23  Stargate  
  26  2:27  Probe  
  26  2:29  Adept (Chrono Boost)  
  29  2:38  Probe  
  29  2:39  Probe  
  29  2:41  Warp Gate  
  31  2:50  Adept (Chrono Boost), Probe  
  34  2:51  Probe  
  35  3:02  Probe  
  35  3:03  Probe  
  37  3:07  Oracle (Chrono Boost)  
  39  3:14  Probe  
  39  3:15  Probe  
  41  3:21  Pylon  
  41  3:25  Pylon  
  41  3:26  Probe  
  42  3:27  Probe  
  43  3:38  Oracle (Chrono Boost)  
  43  3:39  Probe  
  43  3:40  Probe  
  48  3:51  Probe  
  48  3:52  Probe  
  48  4:03  Probe  
  48  4:04  Probe  
  48  4:09  Assimilator  
  50  4:10  Nexus, Assimilator  
  50  4:14  Pylon  
  50  4:15  Probe  
  50  4:16  Probe  
  55  4:20  Phoenix  
  55  4:23  Gateway  
  54  4:25  Gateway  
  54  4:27  Probe  
  54  4:28  Probe  
  56  4:39  Probe  
  56  4:40  Probe  
  56  4:44  Pylon  
  56  4:45  Phoenix (Chrono Boost)  
  60  4:47  Shield Battery  
  60  4:52  Probe, Forge  
  61  4:54  Probe  
  61  4:56  Twilight Council  
  62  5:02  Stalker  
  64  5:07  Shield Battery  
  64  5:08  Shield Battery  
  64  5:09  Phoenix (Chrono Boost)  
  64  5:13  Pylon  
  66  5:25  Stalker x3  
  72  5:30  Phoenix  
  68  5:48  Stalker x3  
  66  5:55  Phoenix, Cybernetics Core  
  68  6:02  Pylon  
  68  6:03  Pylon  
  60  6:17  Zealot  
  60  6:18  Zealot  
  56  6:22  Probe  
  56  6:23  Probe  
  58  6:29  Probe (Chrono Boost)  
  61  6:35  Probe x2 (Chrono Boost)  
  61  6:38  Pylon  
  61  6:39  Protoss Ground Weapons Level 1 (Chrono Boost)  
  63  6:40  Blink  
  63  6:41  Probe (Chrono Boost)  
  63  6:45  Probe x2 (Chrono Boost)  
  64  6:47  Probe (Chrono Boost)  
  64  6:48  Robotics Facility, Sentry x2  
  64  6:49  Probe (Chrono Boost)  
  64  6:50  Probe (Chrono Boost)  
  71  6:55  Probe  
  71  6:59  Pylon  
  71  7:01  Probe  
  73  7:02  Probe  
  73  7:07  Probe  
  75  7:10  Forge  
  75  7:13  Probe  
  75  7:14  Probe  
  77  7:16  Pylon  
  77  7:18  Pylon, Sentry  
  77  7:19  Probe  
  77  7:22  Pylon  
  80  7:25  Probe  
  80  7:26  Probe  
  82  7:31  Probe, Assimilator  
  82  7:34  Assimilator  
  82  7:36  Stalker x2  
  87  7:37  Probe  
  87  7:38  Probe, Protoss Ground Armor Level 1 (Chrono Boost), Observer (Chrono Boost)  
  87  7:42  Robotics Bay  
  87  7:43  Probe  
  91  7:49  Probe  
  91  7:50  Probe, Stalker  
  95  7:55  Probe  
  95  7:58  Immortal (Chrono Boost)  
  96  8:01  Probe  
  96  8:02  Probe  
  96  8:04  Stalker x2  
  106  8:07  Probe  
  105  8:13  Probe  
  105  8:14  Probe  
  105  8:18  Nexus  
  108  8:20  Probe, Pylon  
  108  8:23  Protoss Ground Weapons Level 2 (Chrono Boost)  
  108  8:30  Observer (Chrono Boost), Photon Cannon  
  109  8:37  Probe  
  109  8:38  Probe x2  
  112  8:42  Colossus (Chrono Boost)  
  118  8:50  Pylon  
  118  8:56  Extended Thermal Lance  
  118  8:59  Templar Archives  
  118  9:01  Pylon, Gateway  
  118  9:02  Gateway  
  118  9:04  Gateway  
  118  9:10  Gateway  
  118  9:11  Photon Cannon  
  118  9:13  Shield Battery, Gateway  
  118  9:23  Assimilator  
  118  9:25  Colossus (Chrono Boost)  
  118  9:26  Protoss Ground Armor Level 2 (Chrono Boost)  
  118  9:29  Charge  
  124  9:38  Stalker x3  
  130  9:41  Assimilator  
  130  9:42  Pylon  
  130  9:58  Pylon  
  130  10:01  Stalker x5  
  130  10:03  Gateway  
  140  10:08  Gateway  
  136  10:19  Pylon  
  124  10:24  Warp Prism (Chrono Boost)  
  124  10:25  Stalker x7  
  140  10:39  Nexus  
  140  10:40  Probe x2  
  140  10:42  Probe  
  136  10:44  Probe  
  136  10:49  Stalker x4  
  145  10:52  Probe, Photon Cannon  
  145  10:53  Probe  
  147  11:14  High Templar  
  147  11:15  High Templar x5  
  147  11:16  Zealot x2  
  147  11:17  Zealot x2  
  167  11:20  Archon x2  
  167  11:21  Archon  
  165  11:31  Probe  
  166  11:37  Probe  
  166  11:38  Stalker x4  
  171  11:50  Stalker x6  
  172  11:57  Probe  
  172  11:58  Probe  
  162  12:04  Probe  
  149  12:10  Stalker x4  
Show
View Real Time Build Order
Export as new Build Order

Kas Terran 

Build Orders: Gas First Reaper Expand, Reaper Expand 

Get SALT Encoding   

  12  0:00  SCV  
  13  0:13  SCV  
  14  0:17  Supply Depot  
  14  0:26  SCV  
  15  0:29  Refinery  
  15  0:39  SCV  
  16  0:45  Barracks  
  16  0:51  SCV  
  17  1:03  SCV  
  18  1:15  SCV  
  19  1:33  Reaper, Orbital Command  
  20  1:46  Command Center  
  20  1:59  Factory  
  20  2:03  SCV  
  21  2:10  Barracks Reactor  
  21  2:15  SCV, Refinery  
  22  2:27  Supply Depot, SCV  
  23  2:49  Widow Mine, SCV, Marine x2  
  28  2:53  Factory  
  28  3:00  Orbital Command  
  28  3:01  SCV  
  29  3:08  Marine x2  
  31  3:16  SCV  
  32  3:22  Cyclone  
  32  3:26  Marine  
  36  3:27  Marine  
  36  3:29  SCV  
  36  3:32  SCV  
  39  3:40  Cyclone  
  42  3:45  SCV  
  42  3:50  SCV  
  42  3:51  Marine x2  
  44  4:09  SCV, Marine  
  46  4:14  Supply Depot  
  46  4:16  Cyclone x2, SCV  
  53  4:21  Marine  
  54  4:25  Supply Depot  
  54  4:36  SCV, Marine  
  56  4:40  SCV  
  56  4:44  Engineering Bay  
  57  4:48  Cyclone, SCV  
  61  4:56  Cyclone, Marine  
  61  4:57  Marine  
  66  5:01  Supply Depot  
  66  5:03  Supply Depot  
  66  5:04  SCV  
  67  5:10  SCV  
  67  5:12  Missile Turret  
  68  5:14  Marine  
  69  5:27  Marine  
  70  5:31  Missile Turret  
  70  5:34  Marine  
  57  5:53  Cyclone x2  
  57  5:56  Marine  
  62  5:57  Marine  
  59  6:10  SCV  
  57  6:14  Marine  
  57  6:15  Marine  
  51  6:24  SCV  
  51  6:25  Cyclone x2  
  52  6:26  Barracks  
  52  6:27  Barracks  
  52  6:32  Marine  
  52  6:34  Command Center  
  52  6:35  SCV  
  52  6:37  SCV  
  53  6:41  Terran Infantry Weapons Level 1  
  53  6:46  Missile Turret  
  53  6:47  SCV  
  53  6:49  SCV  
  55  6:59  SCV  
  56  7:02  SCV, Marine x2  
  57  7:12  SCV  
  57  7:13  Barracks Tech Lab  
  57  7:14  SCV, Barracks Tech Lab  
  57  7:15  Widow Mine  
  61  7:16  Widow Mine  
  61  7:21  Marine, Refinery  
  64  7:24  SCV  
  64  7:26  SCV  
  64  7:27  Marine  
  67  7:32  Missile Turret, Stimpack, Combat Shields  
  67  7:33  Marine x2, Barracks x2  
  67  7:36  SCV  
  70  7:38  SCV, Marine  
  70  7:47  Factory Reactor  
  70  7:48  SCV  
  70  7:50  SCV, Starport  
  72  7:55  Orbital Command  
  70  8:03  SCV x2  
  72  8:07  Refinery  
  72  8:08  Supply Depot  
  72  8:10  Marine x3  
  76  8:15  SCV x2  
  76  8:22  Barracks Reactor, Barracks Tech Lab  
  76  8:25  SCV  
  77  8:27  SCV x2, Marine x2  
  77  8:29  Marauder  
  77  8:30  Marauder  
  84  8:34  Supply Depot  
  84  8:35  Supply Depot, Terran Infantry Armor Level 1  
  84  8:38  SCV  
  84  8:39  SCV  
  84  8:40  Medivac x2  
  90  8:45  SCV  
  89  8:50  SCV  
  89  8:52  Supply Depot, SCV, Marine, Marauder x2  
  89  8:55  Marauder  
  98  8:56  Factory Reactor  
  98  8:57  Concussive Shells  
  98  8:59  Marine x2  
  98  9:00  Marine  
  101  9:05  Supply Depot x2, SCV  
  101  9:06  SCV  
  101  9:07  SCV  
  104  9:11  Medivac  
  104  9:13  Medivac  
  104  9:14  Marine  
  104  9:16  Marauder  
  111  9:25  Marine x2, Marauder x2  
  111  9:26  Marine  
  111  9:28  SCV x2  
  120  9:31  Supply Depot  
  120  9:32  Supply Depot, SCV  
  120  9:35  Widow Mine x2  
  125  9:39  Refinery x2  
  125  9:40  SCV, Marine, Marauder  
  125  9:41  Medivac  
  125  9:43  Marine x3  
  134  9:47  Armory  
  134  9:49  Engineering Bay  
  134  9:51  Marauder  
  136  9:57  Supply Depot  
  138  10:00  Marauder  
  138  10:02  SCV  
  127  10:22  Marine x3, Marauder  
  127  10:23  Marine, Medivac x2, Marauder  
  127  10:25  SCV  
  132  10:30  Starport  
  132  10:31  SCV  
  132  10:38  Marauder  
  132  10:40  Marine  
  129  10:44  Marine x2, Marauder x2  
  132  10:51  Command Center  
  132  10:52  Missile Turret  
  132  10:55  Missile Turret  
  132  10:58  Viking x2  
  132  11:03  Ghost Academy  
  138  11:05  Marauder x2  
  138  11:06  Marine  
  138  11:08  Marine  
  138  11:09  Viking  
  144  11:14  Viking  
  146  11:19  Marine, Marauder  
  149  11:27  Marauder  
  145  11:35  Marauder  
  145  11:40  Viking x2  
  145  11:41  Viking  
  143  11:48  Marauder x2  

Tags
 
Add a new tag
Caveats
  • Supply blocks, unpowered buildings, or Contaminate may cause inaccurate times.
  • Supply counts are checked every 10 seconds.